 Dungeon Crawl Stone Soup version 0.25.1-2-g60ff931df9 (webtiles) character file.

Game seed: 14791788245166659772

153411 DildoBatman the Eclecticist (level 18, -4/134 HPs)
             Began as a Formicid Wizard on Aug 23, 2020.
             Was an Initiate of Gozag.
             Killed from afar by a nagaraja (9 damage)
             ... with a bolt of poison
             ... on level 2 of the Snake Pit.
             The game lasted 02:37:52 (32375 turns).

DildoBatman the Eclecticist (Formicid Wizard)      Turns: 32375, Time: 02:37:52

Health: -4/134     AC: 22    Str: 11    XL:     18   Next: 23%
Magic:  4/38       EV: 16    Int: 32    God:    Gozag
Gold:   4466       SH: 25    Dex: 13    Spells: 27/49 levels left

rFire    . . .     SeeInvis +   a - +6 flail "Spider's Funeral" {protect, Int+5 Dex+4}
rCold    . . .     Gourm    .   u - +2 tower shield
rNeg     . . .     Faith    .   o - +3 troll leather armour
rPois    +         Spirit   .   (helmet unavailable)
rElec    .         Reflect  +   F - +2 cloak
rCorr    .         Harm     .   w - +1 pair of gloves
MR       +....                  q - +2 pair of boots {Fly}
Stlth    ++........             g - amulet of reflection
HPRegen  0.72/turn              Q - ring of poison resistance
MPRegen  0.26/turn              B - +4 ring of protection

@: lethally poisoned (-4 -> -5), gold aura, flying
A: permanent stasis, dig shafts and tunnels, four strong arms, antennae 3,
mutation resistance 1, subdued magic 1
a: Dig, Shaft Self, Potion Petition, Call Merchant, Bribe Branch, Renounce
Religion, Stop Flying


You were on level 2 of the Snake Pit.
You worshipped Gozag.
Gozag was most pleased with you.
You were full.

You visited 5 branches of the dungeon, and saw 26 of its levels.
You also visited: Sewer and Gauntlet.

You collected 7379 gold pieces.
You spent 1337 gold pieces at shops.
You paid 1576 gold pieces to Gozag.

Inventory:

Hand Weapons
 a - the +6 flail "Spider's Funeral" (weapon) {protect, Int+5 Dex+4}
   (You found it on level 1 of the Snake Pit)

   It grants its wielder temporary protection when it strikes (+7 to AC).
   It affects your intelligence (+5).
   It affects your dexterity (+4).
 b - the +11 hand crossbow of Agony {penet, rF+}
   (You bought it in a shop on level 11 of the Dungeon)

   Ammo fired by it will pass through the targets it hits, potentially hitting
   all targets in its path until it reaches maximum range.
   It protects you from fire.
Missiles
 i - 25 poisoned darts
 j - 152 sling bullets
 t - 24 silver javelins
 y - 1039 arrows
 D - 276 bolts
 H - 7 curare-tipped darts (quivered)
 R - 6 throwing nets
Armour
 o - a +3 troll leather armour (worn)
 q - a +2 pair of boots of flying (worn)
 u - a +2 tower shield (worn)
 w - a +1 pair of gloves (worn)
 F - a +2 cloak (worn)
Magical Staves
 K - an uncursed staff of fire
 W - an uncursed staff of wizardry
Jewellery
 g - an amulet of reflection (around neck)
 k - an uncursed ring of protection from magic
 A - the ring "Kusoonaff" {+Fly rElec rC+ Slay+3}
   (You found it on level 4 of the Lair of Beasts)

   [ring of flight]

   It affects your accuracy and damage with ranged weapons and melee attacks
   (+3).
   It protects you from cold.
   It insulates you from electricity.
   It lets you fly.
 B - a +4 ring of protection (right hand)
 E - an uncursed ring of protection from cold
 Q - a ring of poison resistance (left hand)
 S - an uncursed ring of protection from magic
Wands
 d - a wand of acid (10)
 G - a wand of iceblast (19)
 I - a wand of clouds (17)
Scrolls
 e - 4 scrolls of amnesia
 h - 5 scrolls of immolation
 m - 2 scrolls of enchant weapon
 x - 4 scrolls of remove curse
 z - 8 scrolls of identify
 C - 4 scrolls of magic mapping
 M - 2 scrolls of fear
 T - 8 scrolls of fog
 U - 3 scrolls of random uselessness {unknown}
Potions
 f - a potion of ambrosia
 l - 2 potions of berserk rage {unknown}
 n - a potion of resistance {unknown}
 s - 2 potions of invisibility
 J - 5 potions of might {unknown}
 L - 7 potions of brilliance
 N - 6 potions of curing
 O - 4 potions of cancellation
 Z - 3 potions of lignification {unknown}
Miscellaneous
 c - a box of beasts
 r - a tin of tremorstones (3/3)
Comestibles
 v - 31 rations


   Skills:
 - Level 10.0 Fighting
 - Level 6.0 Crossbows
 - Level 10.0 Armour
 - Level 8.0 Dodging
 - Level 2.4 Stealth
 - Level 15.0 Shields
 - Level 16.0 Spellcasting
 - Level 6.0 Conjurations
   Level 1.0 Summonings
 * Level 10.7 Necromancy
   Level 0.8 Translocations
 - Level 5.0 Fire Magic
 - Level 5.0 Air Magic
 * Level 11.3 Earth Magic


You had 27 spell levels left.
You knew the following spells:

 Your Spells              Type           Power        Failure   Level  Hunger
a - Conjure Flame         Conj/Fire      #####...     1%          3    None
b - Borgnjor's Vile Clut  Necr/Erth      ######....   1%          5    None
c - Searing Ray           Conj           #####.       1%          2    None
d - Vampiric Draining     Necr           ######....   1%          3    None
e - Mephitic Cloud        Conj/Pois/Air  #####...     1%          3    None
h - Dispel Undead         Necr           ######..     1%          4    None
z - Sublimation of Blood  Necr           ######....   1%          2    None

Your spell library contained the following spells:

 Spells                   Type           Power        Failure   Level  Hunger
 Animate Skeleton         Necr           N/A          0%          1    None
 Pain                     Necr           ####         0%          1    None
 Apportation              Tloc           ###...       1%          1    None
 Corona                   Hex            ###....      1%          1    None
 Magic Dart               Conj           ####         1%          1    None
 Summon Butterflies       Summ           ###.....     1%          1    None
 Summon Small Mammal      Summ           ###.         1%          1    None
 Call Imp                 Summ           ###.....     1%          2    None
 Dazzling Flash           Conj/Hex       ####..       1%          3    None
 Animate Dead             Necr           N/A          1%          4    None
 Agony                    Necr           ######..     1%          5    None
 Bolt of Magma            Conj/Fire/Erth ######....   1%          5    None
 Ensorcelled Hibernation  Hex/Ice        ###...       2%          2    None
 Slow                     Hex            ###.....     2%          2    None
 Death Channel            Necr           ######....   2%          6    ##.....
 Gell's Gravitas          Tloc           ###.......   3%          3    None
 Portal Projectile        Hex/Tloc       ###...       3%          3    None
 Recall                   Summ/Tloc      N/A          3%          3    None
 Iskenderun's Mystic Bla  Conj/Tloc      #####...     3%          4    None
 Confusing Touch          Hex            ###.....     4%          3    None
 Tukima's Dance           Hex            ###.....     4%          3    None
 Fulminant Prism          Conj/Hex       ####......   4%          4    None
 Summon Lightning Spire   Summ/Air       ####....     4%          4    None
 Excruciating Wounds      Chrm/Necr      #####.....   4%          5    None
 Iron Shot                Conj/Erth      ######....   7%          6    ##.....
 Summon Ice Beast         Ice/Summ       ###.....     13%         4    None
 Irradiate                Conj/Tmut      ####......   13%         5    None
 Iskenderun's Battlesphe  Conj/Chrm      ####....     13%         5    None
 Silence                  Hex/Air        ####......   17%         5    None
 Statue Form              Tmut/Erth      #####....    26%         6    ##.....
 Conjure Ball Lightning   Conj/Air       #####.....   28%         6    ##.....
 Simulacrum               Ice/Necr       #####.....   30%         6    ##.....
 Summon Mana Viper        Hex/Summ       ###.....     36%         5    None
 Orb of Destruction       Conj           #####.....   78%         7    ####...
 Haunt                    Necr/Summ      #####.....   80%         7    ####...
 Borgnjor's Revivificati  Necr           ######....   83%         8    ######.
 Infestation              Necr           ######....   83%         8    ######.
 Shadow Creatures         Summ           N/A          88%         6    ##.....
 Dispersal                Tloc           ###.......   89%         6    ##.....
 Hydra Form               Tmut           ###.......   96%         6    ##.....
 Spellforged Servitor     Conj/Summ      #####.....   98%         7    ####...
 Dragon Form              Tmut           ###.......   100%        7    ####...
 Death's Door             Chrm/Necr      #####.....   100%        8    ######.
 Disjunction              Tloc           ###.......   100%        8    ######.
 Necromutation            Tmut/Necr      #####.....   100%        8    ######.
 Tornado                  Air            #####.....   100%        9    #######
 Blink                    Tloc           Unusable     N/A         2    N/A
 Controlled Blink         Tloc           Unusable     N/A         8    N/A

Dungeon Overview and Level Annotations

Branches:
Dungeon (15/15)            Temple (1/1) D:5            Lair (6/6) D:9
 Shoals (0/4) Lair:2        Snake (3/4) Lair:2        Slime (0/5) Lair:6
    Orc (1/2) D:11         Vaults (0/5) D:14         Depths (0/5) D:15
  Sewer (visited)         Gauntlet (visited)

Altars:
Ashenzari
Cheibriados
Dithmenos
Elyvilon
Fedhas
Gozag
Hepliaklqana
Kikubaaqudgha
Makhleb
Nemelex Xobeh
Okawaru
Qazlal
Ru
Sif Muna
Trog
Uskayaw
Vehumet
Wu Jian
Xom
Yredelemnul
Zin
The Shining One
Beogh
Jiyva

Shops:
D:11 [(   Snake:3 }?


Innate Abilities, Weirdness & Mutations

You cannot be hasted, slowed, berserked, paralysed or teleported.
You can dig through walls and to a lower floor.
Your four strong arms can wield two-handed weapons with a shield.
You have a pair of large antennae on your head. (SInv)
You are somewhat resistant to further mutation.
Your spells are a little easier to cast, but a little less powerful.


Message History

The poison arrow hits you!
You are more poisoned.
You partially resist. The black mamba closely misses you.
You block the nagaraja's attack. The naga mage spits poison at you.
The splash of poison reflects off an invisible shield around you!
The splash of poison hits the naga mage.
The naga mage is poisoned.
The nagaraja closely misses you. You block the nagaraja's attack.
You dig through the rock wall.
You feel sick. You block the black mamba's attack.
The nagaraja points at you and mumbles some strange words.
The bolt of poison hits the black mamba.
The bolt of poison hits you! You resist.
You die...
Your body crumbles into a pile of gold.

.......................###
S....................#..<###
.#.....#.............##....##
.....#...................#..#
##S.........##..########.##.#
$.....#....##.NN##.....####.#
....N#...<.#..SN#.......#.#.#
...SS.N....#.NNS#..##...#.#.#
...{N..N...#..##@..###..#.#.##
....{......#...##..##........#
.......#...#{...+..+....#....##
.......#..N#ยง...+..+...##.....#
......{#..NS#####..#####.....##
.......#....# ..# #.....#
.........#..# ..# #....##
.........##.# ++# #....##
.#.......#.## ##....#


You could see 2 nagarajas, a guardian serpent, a black mamba (wandering) and 3
naga magi.

Vanquished Creatures
  Vashnia (Snake:3)
  The ghost of Loxlax the Warrior, an adept HuIE of Okawaru (Snake:1)
  Kirke (D:11)
  6 nagarajas
  Roxanne (D:15)
  Aizul (Snake:3)
  An orc warlord (Orc:1)
  An entropy weaver (Gauntlet)
  An ironheart preserver (D:14)
  Nessos (D:15)
  A minotaur (Gauntlet)
  Snorg (Lair:5)
  A fire dragon (Lair:3)
  2 ice dragons (D:15)
  Harold (D:8)
  Erolcha (D:10)
  3 naga warriors
  3 anacondas
  3 hydras
  4 catoblepae
  An ogre mage (D:15)
  A death knight (D:11)
  8 two-headed ogres
  4 centaur warriors
  Erica (D:8)
  13 death yaks
  An orc high priest (Orc:1)
  2 tengu warriors (D:14)
  11 naga sharpshooters
  A shock serpent (Snake:3)
  Sonja (D:10)
  A salamander mystic (Snake:3)
  A fire crab (Gauntlet)
  5 skeletal warriors (D:14)
  A wizard (D:15)
  An unseen horror (D:13)
  A phantasmal warrior (D:11)
  Pikel (D:6)
  A lindwurm (Lair:4)
  3 orc sorcerers (Orc:1)
  2 naga ritualists (Snake:3)
  5 orc knights (Orc:1)
  The ghost of Elkerch the Quickloader, a novice CeAM (D:6)
  A wolf spider zombie (Gauntlet)
  5 oklob plants
  A wolf spider (Gauntlet)
  A deep elf mage (D:13)
  9 salamanders
  5 ugly things
  4 cyclopes
  7 mana vipers
  8 manticores
  8 elephants
  5 guardian serpents
  Maurice (D:8)
  2 apocalypse crabs (Gauntlet)
  A merfolk siren (Lair:2)
  4 naga magi
  22 black mambas
  2 centaur zombies
  6 spiny frogs
  A death yak zombie (Lair:4)
  3 gargoyles
  2 minotaur zombies (Gauntlet)
  6 orange demons (D:11)
  2 rime drakes (Lair:4)
  4 kobold demonologists (D:14)
  An efreet (D:14)
  5 komodo dragons
  A death yak skeleton (Lair:4)
  3 hydra zombies (Lair:6)
  A freezing wraith (D:11)
  A red devil (D:11)
  7 trolls
  A catoblepas skeleton (Lair:4)
  A queen bee (Lair:4)
  6 meliai
  2 polar bears (Lair:6)
  2 hydra skeletons (Lair:4)
  A hornet (D:14)
  11 blink frogs
  6 dream sheep (Lair:3)
  A tarantella zombie (Gauntlet)
  14 slime creatures
  A jumping spider zombie (Gauntlet)
  7 hippogriffs
  A spriggan zombie (Gauntlet)
  A redback (Gauntlet)
  A spriggan (D:7)
  Sigmund (D:3)
  3 black mamba zombies
  2 shadows
  A fire elemental (Lair:3)
  2 wraiths
  2 wyverns
  25 yaks
  4 basilisks
  5 fire bats
  7 hogs
  A black mamba skeleton (Lair:4)
  A steam dragon (Lair:5)
  Grum (D:8)
  2 hungry ghosts
  3 swamp worms (Gauntlet)
  A warg (Orc:1)
  8 vampire mosquitoes (D:14)
  A soldier ant (D:13)
  A spiny frog zombie (Lair:4)
  14 nagas
  An orb spider zombie (Gauntlet)
  An acid dragon (D:11)
  13 water moccasins
  4 porcupines
  31 orc warriors
  An ogre skeleton (Gauntlet)
  4 ice beasts
  A spiny frog skeleton (Lair:4)
  6 sky beasts
  2 slaves (D:6)
  2 phantoms
  4 boggarts (Lair:6)
  6 black bears
  A lindwurm skeleton (Lair:4)
  24 centaurs
  A blink frog zombie (Gauntlet)
  An elf skeleton (Gauntlet)
  17 ogres
  A necrophage (D:10)
  A dream sheep skeleton (Lair:3)
  13 crocodiles
  A swamp dragon skeleton (Gauntlet)
  24 wolves
  A rime drake zombie (Gauntlet)
  A komodo dragon zombie (Lair:6)
  4 big kobolds
  16 bullfrogs
  A rime drake skeleton (Gauntlet)
  2 gnoll sergeants (D:9)
  2 komodo dragon skeletons
  4 wyvern skeletons (D:13)
  6 water moccasin skeletons
  36 killer bees (Lair:4)
  6 scorpions
  A yak zombie (Lair:4)
  2 electric eels
  9 wights
  A vampire bat (D:8)
  13 crimson imps
  7 bullfrog zombies
  A howler monkey (D:6)
  2 wolf skeletons
  3 quasits
  4 jellies
  7 hounds
  19 orc priests
  A basilisk skeleton (Lair:4)
  8 centaur skeletons
  23 orc wizards
  6 bullfrog skeletons
  A gnoll shaman (D:4)
  5 iguanas
  A hell rat (Lair:4)
  7 worker ants
  2 porcupine skeletons (Lair:6)
  2 crocodile zombies (Lair:6)
  A hound zombie (D:10)
  A hound skeleton (D:6)
  2 mummies (D:10)
  2 worker ant zombies
  Robin (D:3)
  18 gnolls
  11 adders
  2 river rats
  2 shadow imps
  3 oozes
  2 adder zombies
  9 worms
  3 leopard geckos
  68 orcs
  4 bat zombies (D:8)
  6 giant cockroaches
  13 hobgoblins
  9 jackals
  11 quokkas
  2 ball pythons (Sewer)
  4 bats
  4 frilled lizards
  11 goblins
  A jackal skeleton (D:7)
  A jackal zombie (D:4)
  22 kobolds
  A quokka skeleton (D:8)
  13 rats
  2 butterflies (Lair:1)
  A fire vortex (Lair:3)
  2 fungi
968 creatures vanquished.

Vanquished Creatures (others)
  A nagaraja (Snake:2)
  2 slaves (D:6)
  A centaur (D:11)
  A killer bee (Lair:4)
  2 bushes (Lair:6)
  7 fungi
  12 plants
26 creatures vanquished.

Grand Total: 994 creatures vanquished

Notes
Turn   | Place    | Note
-------+----------+-------------------------------------------
     0 | D:1      | DildoBatman the Formicid Wizard began the quest for the
                  | Orb.
     0 | D:1      | Reached XP level 1. HP: 13/13 MP: 4/4
     4 | D:1      | Reached skill level 1 in Conjurations
   306 | D:1      | Reached XP level 2. HP: 19/19 MP: 1/6
  1187 | D:2      | Reached XP level 3. HP: 12/24 MP: 0/7
  1192 | D:2      | Learned a level 3 spell: Conjure Flame
  1196 | D:2      | Learned a level 3 spell: Mephitic Cloud
  1963 | D:2      | Reached XP level 4. HP: 24/30 MP: 8/8
  2194 | D:3      | Noticed Sigmund
  2775 | D:3      | Reached XP level 5. HP: 26/35 MP: 6/9
  3669 | D:4      | Reached skill level 5 in Conjurations
  3669 | D:4      | Reached XP level 6. HP: 28/41 MP: 6/10
  4291 | D:5      | Entered Level 5 of the Dungeon
  4316 | D:5      | Noticed an ogre
  4355 | D:5      | Reached skill level 1 in Fire Magic
  4628 | D:5      | Reached skill level 1 in Air Magic
  4665 | D:5      | Found a glowing drain.
  4697 | Sewer    | Entered a sewer
  5073 | Sewer    | Reached XP level 7. HP: 38/46 MP: 7/11
  5665 | D:5      | Found a staircase to the Ecumenical Temple.
  5674 | Temple   | Entered the Ecumenical Temple
  6119 | D:7      | Reached XP level 8. HP: 52/52 MP: 8/12
  6532 | D:7      | Found a snail-covered altar of Cheibriados.
  6537 | D:7      | You fall into a shaft and drop 1 floor!
  6537 | D:8      | Found a blossoming altar of Fedhas.
  7065 | D:7      | Reached skill level 5 in Fire Magic
  7177 | D:7      | Reached skill level 1 in Shields
  7418 | D:7      | Reached XP level 9. HP: 57/57 MP: 8/13
  7947 | D:3      | Noticed Robin
  8230 | D:6      | Found a runed translucent gate.
  8230 | D:6      | Found a runed translucent gate.
  8231 | D:6      | Found a runed translucent gate.
  8332 | D:8      | Reached skill level 4 in Spellcasting
  8332 | D:8      | Reached skill level 5 in Air Magic
  8474 | D:8      | Noticed Grum
  8504 | D:8      | Reached skill level 5 in Spellcasting
  8579 | D:8      | Found an ancient bone altar of Kikubaaqudgha.
  8582 | D:8      | Became a worshipper of Kikubaaqudgha
  8848 | D:3      | Killed Robin
  8873 | D:3      | Killed Sigmund
  8873 | D:3      | Reached skill level 6 in Spellcasting
  9098 | D:5      | Reached skill level 7 in Spellcasting
  9373 | D:6      | Noticed Pikel
  9540 | D:6      | Reached skill level 1 in Fighting
  9540 | D:6      | Reached skill level 1 in Armour
  9553 | D:6      | Reached XP level 10. HP: 66/66 MP: 11/20
  9615 | D:6      | Reached * piety under Kikubaaqudgha
  9615 | D:6      | Identified Kikubaaqudgha's Compendium of Black Rituals
                  | (Kikubaaqudgha gifted it to you on level 6 of the Dungeon)
  9615 | D:6      | Received a gift from Kikubaaqudgha
  9759 | D:6      | Noticed Elkerch's ghost (novice CeAM)
  9874 | D:6      | Killed Pikel
 10368 | D:6      | Reached skill level 5 in Shields
 10627 | D:8      | Learned a level 2 spell: Sublimation of Blood
 10631 | D:8      | Learned a level 3 spell: Vampiric Draining
 10674 | D:8      | Noticed Maurice
 10707 | D:8      | Killed Maurice
 10707 | D:8      | Reached skill level 1 in Necromancy
 10731 | D:8      | Noticed Harold
 10772 | D:8      | Killed Harold
 10785 | D:8      | Reached ** piety under Kikubaaqudgha
 10789 | D:8      | Noticed Erica
 10807 | D:8      | Killed Erica
 10807 | D:8      | Reached XP level 11. HP: 49/78 MP: 14/21
 10811 | D:8      | Killed Grum
 10811 | D:8      | Reached skill level 5 in Fighting
 10845 | D:8      | Reached skill level 5 in Armour
 11475 | D:9      | Reached skill level 5 in Dodging
 11690 | D:9      | Noticed a green ugly thing
 11724 | D:9      | Killed a red ugly thing
 12023 | D:9      | Reached *** piety under Kikubaaqudgha
 12023 | D:9      | Identified Kikubaaqudgha's Papyrus of Darkness
                  | (Kikubaaqudgha gifted it to you on level 9 of the Dungeon)
 12023 | D:9      | Received a gift from Kikubaaqudgha
 12358 | D:9      | Found a staircase to the Lair.
 12650 | D:9      | Learned a level 4 spell: Dispel Undead
 12656 | D:9      | Learned a level 5 spell: Borgnjor's Vile Clutch
 12746 | D:6      | Killed Elkerch's ghost
 12814 | D:10     | Entered Level 10 of the Dungeon
 12814 | D:10     | Noticed Sonja
 12823 | D:10     | Killed Sonja
 12823 | D:10     | Reached skill level 5 in Necromancy
 12924 | D:10     | Noticed Erolcha
 13159 | D:10     | Killed Erolcha
 13279 | D:10     | Reached **** piety under Kikubaaqudgha
 13326 | D:10     | Reached skill level 1 in Earth Magic
 13632 | D:10     | Reached XP level 12. HP: 87/87 MP: 18/22
 13913 | D:11     | Noticed a two-headed ogre
 13937 | D:11     | Reached skill level 5 in Earth Magic
 13937 | D:11     | Killed a two-headed ogre
 13961 | D:11     | Noticed a death knight
 14255 | D:11     | Killed a death knight
 14459 | D:11     | Reached ***** piety under Kikubaaqudgha
 14495 | D:11     | Found a staircase to the Orcish Mines.
 14495 | D:11     | Found Wasaizi's Weapon Emporium.
 14496 | D:11     | Found Jeelerr's Armour Emporium.
 15047 | D:11     | Reached XP level 13. HP: 41/93 MP: 12/23
 15189 | D:11     | Bought a +0 pair of boots for 45 gold pieces
 15199 | Orc:1    | Entered Level 1 of the Orcish Mines
 15655 | Orc:1    | Noticed an orc warlord
 15865 | Orc:1    | Killed an orc warlord
 15865 | Orc:1    | Reached skill level 10 in Shields
 16843 | Orc:1    | Found a roughly hewn altar of Beogh.
 17131 | Lair:1   | Entered Level 1 of the Lair of Beasts
 17269 | Lair:1   | Found an ancient bone altar of Kikubaaqudgha.
 18072 | Lair:2   | Found a staircase to the Snake Pit.
 18336 | D:12     | Reached ****** piety under Kikubaaqudgha
 18343 | D:11     | Received a gift from Kikubaaqudgha
 18345 | D:11     | Fell from the grace of Kikubaaqudgha
 18445 | Temple   | Became a worshipper of Gozag Ym Sagoz the Greedy
 18705 | Lair:2   | Reached XP level 14. HP: 99/99 MP: 16/24
 18866 | Lair:2   | Found a staircase to the Shoals.
 19493 | Lair:3   | Reached skill level 15 in Shields
 21846 | Lair:4   | You are sucked into a shaft and drop 1 floor!
 21940 | Lair:5   | Found a gate leading to a gauntlet.
 21975 | Lair:5   | Noticed Snorg
 22017 | Lair:5   | Killed Snorg
 22068 | Gauntlet | Entered a Gauntlet
 22068 | Gauntlet | Found a transporter.
 22080 | Gauntlet | Found a transporter.
 22081 | Gauntlet | Found a transporter.
 22092 | Gauntlet | Found a transporter.
 22093 | Gauntlet | Found a transporter.
 22099 | Gauntlet | Found a runed translucent gate.
 22101 | Gauntlet | Found a runed translucent gate.
 22101 | Gauntlet | Found a transporter.
 22102 | Gauntlet | Found a runed translucent gate.
 22105 | Gauntlet | Found a transporter.
 22116 | Gauntlet | Found a transporter.
 22117 | Gauntlet | Found a transporter.
 22125 | Gauntlet | Found a transporter.
 22156 | Gauntlet | Found a transporter.
 22163 | Gauntlet | Noticed an entropy weaver
 22168 | Gauntlet | Found a transporter.
 22180 | Gauntlet | Found a transporter.
 22192 | Gauntlet | Found a transporter.
 22230 | Gauntlet | Reached XP level 15. HP: 70/112 MP: 15/25
 22597 | Gauntlet | HP: 2/112 [wolf spider (14)]
 22868 | Gauntlet | Identified Sif Muna's Collected Works on Summoning
 23439 | Lair:5   | Got a masterwork leather armour
 23489 | Lair:5   | Identified the cursed +1 leather armour of Sin {Harm Dex+3
                  | Stlth-} (You found it on level 5 of the Lair of Beasts)
 24119 | Lair:6   | Entered Level 6 of the Lair of Beasts
 24675 | Lair:6   | Reached skill level 10 in Armour
 24703 | Lair:6   | Found a viscous altar of Jiyva.
 24705 | Lair:6   | Found a staircase to the Slime Pits.
 24835 | Lair:6   | Reached skill level 10 in Fighting
 24897 | Lair:6   | Reached skill level 8 in Spellcasting
 25120 | Lair:6   | Reached skill level 9 in Spellcasting
 25376 | Lair:6   | Was forgiven by Kikubaaqudgha
 25431 | Lair:6   | Found the +10 Black Knight's horse barding {ponderous,
                  | rPois rN+}
 25542 | Lair:6   | Gained mutation: You are robust. (+10% HP) [potion of
                  | mutation]
 25542 | Lair:6   | Gained mutation: You have sharp fingernails. [potion of
                  | mutation]
 25542 | Lair:6   | Gained mutation: Your body sometimes deteriorates upon
                  | taking damage. [potion of mutation]
 25542 | Lair:6   | Gained mutation: Your mind is acute. (Int +2) [potion of
                  | mutation]
 25543 | Lair:6   | Lost mutation: Your body sometimes deteriorates upon taking
                  | damage. [potion of mutation]
 25543 | Lair:6   | Lost mutation: Your mind is acute. (Int +2) [potion of
                  | mutation]
 25543 | Lair:6   | Lost mutation: You have sharp fingernails. [potion of
                  | mutation]
 25543 | Lair:6   | Gained mutation: Armour fits poorly on your strangely
                  | shaped body. [potion of mutation]
 25543 | Lair:6   | Gained mutation: Scrolls take you a little longer to read.
                  | [potion of mutation]
 25543 | Lair:6   | Gained mutation: Your spells are a little easier to cast,
                  | but a little less powerful. [potion of mutation]
 25543 | Lair:6   | Gained mutation: Your flesh is heat resistant. (rF+)
                  | [potion of mutation]
 25707 | Lair:4   | Got a scorched granite ring
 26203 | Lair:4   | Reached skill level 10 in Spellcasting
 26396 | D:9      | Identified the ring "Kusoonaff" {+Fly rElec rC+ Slay+3}
                  | (You found it on level 4 of the Lair of Beasts)
 26454 | D:12     | Noticed Kirke
 27226 | D:13     | Reached skill level 11 in Spellcasting
 27297 | D:13     | Reached XP level 16. HP: 134/134 MP: 25/31
 27741 | D:13     | Reached skill level 12 in Spellcasting
 27878 | D:13     | Learned a level 2 spell: Searing Ray
 28405 | D:14     | Found a gate to the Vaults.
 28410 | D:14     | Reached skill level 13 in Spellcasting
 28839 | D:15     | Entered Level 15 of the Dungeon
 28887 | D:15     | Reached skill level 14 in Spellcasting
 29162 | D:15     | Noticed Roxanne
 29345 | D:15     | Noticed Nessos
 29367 | D:15     | Killed Nessos
 29464 | D:15     | Killed Roxanne
 29683 | D:15     | Found a shadowy altar of Dithmenos.
 29748 | D:15     | Reached XP level 17. HP: 122/140 MP: 25/35
 29758 | D:15     | Reached skill level 15 in Spellcasting
 29769 | D:15     | Found a staircase to the Depths.
 30018 | D:11     | Killed Kirke
 30057 | D:11     | Bought the +11 hand crossbow of Agony {penet, rF+} for 932
                  | gold pieces
 30154 | Snake:1  | Entered Level 1 of the Snake Pit
 30189 | Snake:1  | Reached skill level 1 in Crossbows
 30235 | Lair:2   | Lost mutation: Scrolls take you a little longer to read.
                  | [potion of mutation]
 30235 | Lair:2   | Lost mutation: You are robust. (+10% HP) [potion of
                  | mutation]
 30235 | Lair:2   | Lost mutation: Your flesh is heat resistant. (rF+) [potion
                  | of mutation]
 30235 | Lair:2   | Lost mutation: Armour fits poorly on your strangely shaped
                  | body. [potion of mutation]
 30235 | Lair:2   | Gained mutation: You are somewhat resistant to further
                  | mutation. [potion of mutation]
 30637 | Snake:1  | Found a runed translucent door.
 30639 | Snake:1  | Noticed Loxlax's ghost (adept HuIE)
 30648 | Snake:1  | Killed Loxlax's ghost
 30920 | Snake:1  | Got a transparent flail
 30922 | Snake:1  | Identified the +6 flail "Spider's Funeral" {protect, Int+5
                  | Dex+4} (You found it on level 1 of the Snake Pit)
 31227 | Snake:2  | You are sucked into a shaft and drop 1 floor!
 31227 | Snake:3  | Noticed Vashnia
 31263 | Snake:3  | Killed Vashnia
 31341 | Snake:3  | Noticed Aizul
 31394 | Snake:3  | Reached skill level 5 in Crossbows
 31536 | Snake:3  | Reached skill level 10 in Earth Magic
 31537 | Snake:3  | Killed Aizul
 31682 | Snake:3  | Reached skill level 16 in Spellcasting
 31739 | Snake:3  | Found Ruemiqao's Magic Scroll Emporium.
 31745 | Snake:3  | Bought a scroll of enchant armour for 142 gold pieces
 31745 | Snake:3  | Bought a scroll of fog for 38 gold pieces
 31745 | Snake:3  | Bought a scroll of identify for 38 gold pieces
 31745 | Snake:3  | Bought a scroll of fog for 38 gold pieces
 31745 | Snake:3  | Bought a scroll of immolation for 66 gold pieces
 31745 | Snake:3  | Bought a scroll of identify for 38 gold pieces
 31795 | Snake:3  | Reached skill level 10 in Necromancy
 31834 | Snake:3  | Reached XP level 18. HP: 118/134 MP: 13/38
 32001 | Snake:3  | Found Qetzigre's Gadget Boutique.
 32374 | Snake:2  | HP: 5/134 [nagaraja/poison arrow (8)]
 32375 | Snake:2  | Killed from afar by a nagaraja

Illustrated notes

Levels and vault maps discovered:
D:1:      minmay_arrival_four_circles, layout_loops_corners
D:2:      layout_loops_cross, kennysheep_nub
D:3:      wad_pebble_path, layout_rooms, first_ration, uniq_sigmund, uniq_robin
D:4:      layout_loops_ring, minmay_distorted
D:5:      layout_basic, minmay_temple_entry_antechambers,
          lightli_sewer_entry_pipes
D:6:      layout_basic, ebering_ghost_rock_garden, uniq_pikel
D:7:      layout_basic, basic_altar, the_bakery
D:8:      layout_gridville, kennysheep_vampire_church, fedhas_altar_1,
          uniq_grum, uniq_maurice, uniq_harold, uniq_erica
D:9:      minmay_imperfect_grid, layout_cave_pods, serial_column_ruins,
          column_ruins_hut_ruined, column_ruins_hut, column_ruins_open_small,
          column_ruins_open_medium, column_ruins_grid_1,
          column_ruins_corridor_straight, column_ruins_open_tiny,
          column_ruins_grid_4, column_ruins_open_tiny, serial_bayou_pond_e
D:10:     layout_loops_ring, serial_undead, serial_undead_e, serial_undead_d,
          serial_undead_f, serial_undead_a, serial_undead_c, serial_undead_e,
          serial_undead_a, uniq_sonja, uniq_erolcha
D:11:     layout_loops_ring, orc_david_3, minmay_beelzebubs_servants
D:12:     layout_rooms, minmay_statues_item, uniq_kirke
D:13:     layout_roguey
D:14:     layout_irregular_city, skrybe_vaults_entry_preservation,
          kennysheep_nondescript
D:15:     grunt_enter_depths_hoard, layout_cave_pools, grunt_dithmenos_shadows,
          uniq_nessos, uniq_roxanne
Temple:   grunt_wide_crystal_templ
Lair:1:   layout_roguey, lemuel_oklob_altar, serial_bayou_shore_a,
          grunt_megastairs_5, lemuel_fruit_fields, infiniplex_staircase_pool
Lair:2:   layout_long_grid, minmay_shoals_entry_lonely_mermaid,
          guppyfry_snake_entry_island, st_stairs_4
Lair:3:   dragon1_lemuel, layout_regular_city
Lair:4:   hangedman_what_comes_after_a, layout_regular_city
Lair:5:   layout_gridlike, gauntlet_entry_generic, uniq_snorg
Lair:6:   evilmike_catoblepas_cave, layout_regular_city, slime_altar_1,
          serial_bayou_lagoon_a, kilobyte_rumbling_trees
Snake:1:  layout_gridlike, ebering_ghost_reflecting_pool
Snake:2:  nicolae_cobra_stairs, layout_onion_interference,
          nicolae_snake_double_loop
Snake:3:  nicolae_aizul_guard, layout_basic, serial_shops, nicolae_shop_stone,
          shop, nicolae_coiled_stairwell_up, uniq_vashnia
Orc:1:    orc_temple, layout_caves

Skill      XL: |  1  2  3  4  5  6  7  8  9 10 11 12 13 14 15 16 17 18 |
---------------+-------------------------------------------------------+-----
Conjurations   | 1 2 3 4 5 6 |  6.0
Fire Magic     | 1 3 5 |  5.0
Air Magic      | 1 2 4 5 |  5.0
Shields        | 2 3 6 7 8 14 15 | 15.0
Spellcasting   | 7 11 14 16 | 16.0
Dodging        | 2 4 5 7 8 |  8.0
Fighting       | 1 4 5 8 10 | 10.0
Armour         | 1 4 5 8 10 | 10.0
Necromancy     | 2 6 9 10 | 10.7
Earth Magic    | 3 9 10 11 | 11.3
Crossbows      | 6 |  6.0
Stealth        | |  2.4
Summonings     | |  1.0
Translocations | |  0.8

Action                   |  1- 3 |  4- 6 |  7- 9 | 10-12 | 13-15 | 16-18 || total
-------------------------+-------+-------+-------+-------+-------+-------++-------
Melee: Dagger            |    17 |       |       |       |       |       ||    17
       Short sword       |     2 |    40 |    88 |       |   118 |       ||   248
       Flail             |       |       |    35 |    95 |       |    98 ||   228
       Scimitar          |       |       |       |   218 |   625 |   272 ||  1115
 Fire: Hunting sling     |       |       |   105 |   142 |       |       ||   247
       Shortbow          |       |       |       |       |   280 |    33 ||   313
       Hand crossbow     |       |       |       |       |       |    24 ||    24
Throw: Dart              |     6 |    47 |    83 |     3 |     4 |       ||   143
       Boomerang         |       |     3 |    20 |       |       |       ||    23
       Stone             |       |       |    10 |       |       |       ||    10
 Cast: Magic Dart        |    74 |   119 |   143 |   112 |    44 |       ||   492
       Mephitic Cloud    |       |     6 |    49 |    54 |    35 |     6 ||   150
       Conjure Flame     |       |     2 |    19 |    42 |    41 |    14 ||   118
       Dispel Undead     |       |       |       |    16 |     4 |    20 ||    40
       Sublimation of Bl |       |       |       |     8 |    12 |    16 ||    36
       Vampiric Draining |       |       |       |     7 |    13 |       ||    20
       Borgnjor's Vile C |       |       |       |    27 |   210 |   161 ||   398
Invok: Receive Necronomi |       |       |       |       |     1 |       ||     1
       Renounce Religion |       |       |       |       |     1 |       ||     1
       Potion Petition   |       |       |       |       |     5 |       ||     5
 Abil: Dig               |       |     3 |    23 |    31 |    38 |    19 ||   114
Evoke: Wand              |       |       |     2 |     1 |     2 |       ||     5
  Use: Potion            |     2 |       |     1 |     2 |    16 |     4 ||    25
       Scroll            |       |     2 |     5 |     4 |    22 |     4 ||    37
 Stab: Sleeping          |     3 |     3 |       |     3 |     1 |       ||    10
       Confused          |       |     4 |    12 |    15 |     6 |       ||    37
       Distracted        |       |       |       |       |     2 |     2 ||     4
       Petrifying        |       |       |       |       |     1 |       ||     1
  Eat: Chunk             |     3 |    11 |    22 |    28 |    30 |       ||    94
       Ration            |       |       |       |       |    20 |     7 ||    27
Armor: Robe              |     8 |     9 |    23 |    51 |       |       ||    91
       Troll leather arm |       |       |       |     7 |   282 |   187 ||   476
Dodge: Dodged            |    32 |    48 |   109 |   227 |   465 |   261 ||  1142
Block: Buckler           |       |       |    18 |    90 |    27 |       ||   135
       Tower shield      |       |       |       |       |  1033 |   731 ||  1764
       Reflection        |       |       |       |       |       |    32 ||    32
       Rpst.: Scimitar   |       |       |       |    39 |    90 |    42 ||   171
